 Dungeon Crawl Stone Soup version 0.23.2-33-g5129a83184 (webtiles) character file.

Game seed: 5596650923467898572

3080 Derp the Carver (level 9, -4/82 HPs)
             Began as a Deep Dwarf Fighter on July 25, 2019.
             Was an Initiate of Makhleb.
             Slain by a death yak (12 damage)
             ... on level 7 of the Dungeon.
             The game lasted 00:16:16 (5044 turns).

Derp the Carver (Deep Dwarf Fighter)                Turns: 5044, Time: 00:16:17

Health: -4/82      AC: 12    Str: 24    XL:     9   Next: 58%
Magic:  4/4        EV:  9    Int: 10    God:    Makhleb [......]
Gold:   474        SH: 19    Dex: 18    Spells: 8/8 levels left

rFire    + . .     SeeInvis .   a - +0 long sword
rCold    + + .     Gourm    .   J - +2 large shield
rNeg     . . .     Faith    .   z - +1 scale mail {rF+}
rPois    +         Spirit   .   (no helmet)
rElec    .         Reflect  .   p - +0 cloak
rCorr    .         Harm     .   C - +1 pair of gloves of Lurozuhe {+Fly rPois Dex+2}
MR       +....                  (no boots)
Stlth    ..........             H - amulet of magic regeneration
HPRegen  0.00/turn              m - ring of protection from cold
MPRegen  0.34/turn              y - ring of Ascent {*Corrode rPois rC+ Int+2 Dex+4}

@: non-regenerating
A: damage resistance, heal wounds, sense surroundings 2, no regeneration
a: Heal Wounds, Renounce Religion, Evoke Flight


You were on level 7 of the Dungeon.
You worshipped Makhleb.
Makhleb was noncommittal.
You were not hungry.

You visited 2 branches of the dungeon, and saw 9 of its levels.

You collected 474 gold pieces.

Inventory:

Hand Weapons
 a - a +0 long sword (weapon)
 n - a +1 rapier of venom
 E - a +2 vampiric war axe
Armour
 p - a +0 cloak (worn)
 z - a +1 scale mail of fire resistance (worn)
 C - the +1 pair of gloves of Lurozuhe (worn) {+Fly rPois Dex+2}
   (You found it on level 6 of the Dungeon)

   It affects your dexterity (+2).
   It protects you from poison.
   It lets you fly.
 J - a +2 large shield (worn)
Jewellery
 m - a ring of protection from cold (left hand)
 y - the ring of Ascent (right hand) {*Corrode rPois rC+ Int+2 Dex+4}
   (You took it off an orc on level 4 of the Dungeon)

   [ring of protection from cold]

   It affects your intelligence (+2).
   It affects your dexterity (+4).
   It protects you from cold.
   It protects you from poison.
   It may corrode you when you take damage.
 H - an amulet of magic regeneration (around neck)
Wands
 D - a wand of disintegration (23)
 F - a wand of acid (8)
 I - a wand of paralysis (12)
Scrolls
 e - 6 scrolls of identify
 i - 5 scrolls of teleportation {unknown}
 j - 2 scrolls of magic mapping {unknown}
 k - 2 scrolls of fear {unknown}
 l - a scroll of enchant armour {unknown}
 o - 3 scrolls of blinking {unknown}
 s - a scroll of amnesia {unknown}
 t - 2 scrolls of remove curse {unknown}
 v - 3 scrolls of fog {unknown}
 x - a scroll of random uselessness {unknown}
 A - a scroll of brand weapon {unknown}
 B - 2 scrolls of immolation {unknown}
Potions
 b - a potion of heal wounds {unknown}
 d - 4 potions of might
 g - 3 potions of curing
 h - a potion of magic {unknown}
 q - a potion of ambrosia {unknown}
 r - 2 potions of flight {unknown}
 u - a potion of cancellation {unknown}
 w - 2 potions of lignification {unknown}
 G - a potion of invisibility {unknown}
Comestibles
 f - 10 rations


   Skills:
 + Level 5.7 Fighting
 + Level 8.8 Long Blades
 + Level 6.2 Armour
 + Level 4.1 Dodging
 + Level 0.8 Stealth
 + Level 7.5 Shields


You had 8 spell levels left.
You didn't know any spells.
Your spell library contained the following spells:

 Spells                   Type           Power        Failure   Level  Hunger
 Summon Small Mammal      Summ           #...         100%        1    ##.....
 Call Imp                 Summ           #.......     100%        2    ###....
 Call Canine Familiar     Summ           #.......     100%        3    ####...
 Summon Guardian Golem    Hex/Summ       #.......     100%        3    ####...
 Summon Ice Beast         Ice/Summ       #.......     100%        4    #####..
 Summon Lightning Spire   Summ/Air       #.......     100%        4    #####..


Dungeon Overview and Level Annotations

Branches:
Dungeon (8/15)             Temple (1/1) D:6            Lair (0/6) D:8

Altars:
Ashenzari
Cheibriados
Dithmenos
Elyvilon
Fedhas
Gozag
Hepliaklqana
Makhleb
Nemelex Xobeh
Okawaru
Qazlal
Sif Muna
Trog
Uskayaw
Vehumet
Wu Jian
Xom
Yredelemnul
Zin
The Shining One

Shops:
D:5 %   D:7 :

Annotations:
D:4 1 runed translucent door, microfolk's ghost, amateur TeAE


Innate Abilities, Weirdness & Mutations

You are resistant to damage.
You can heal yourself by infusing magical energy.
You passively map the area around you.
You do not regenerate.


Message History

You slash the death yak!
The death yak is severely wounded.
You block the death yak's attack.
You barely miss the death yak.
The death yak is severely wounded.
You block the death yak's attack.
You hit the death yak but do no damage.
The death yak is severely wounded.
The death yak gores you!!
* * * LOW HITPOINT WARNING * * *
You hit the death yak but do no damage.
The death yak is severely wounded.
You block the death yak's attack.
You barely miss the death yak.
The death yak is severely wounded.
You block the death yak's attack.
You barely miss the death yak.
The death yak is severely wounded.
The death yak gores you!
You die...

##...## ##)....## #.......#
######## #.......# .......##
#.......# ........#### ##.....##
...........### ##.....##
###..#####...#########.......####
...............Y@....)...........
####.#######..########.........##
.###..### ##...# #......##..#
........#######.### #.#...####..
#####.............####.##### ###
###.#######..........# #
##..############....## #.......#
###....># #.......#
#....##.#######


You could see a death yak.

Vanquished Creatures
  Prince Ribbit (D:6)
  Menkaure (D:5)
  Edmund (D:5)
  Duvessa (D:5)
  An ice beast (D:5)
  2 orc warriors
  3 phantoms
  2 necrophages (D:6)
  2 ogres (D:5)
  Dowan (D:5)
  4 scorpions
  2 howler monkeys
  5 crimson imps
  6 orc priests
  8 orc wizards
  6 hounds
  A jelly (D:6)
  A bullfrog skeleton (D:5)
  3 iguanas
  5 worker ants
  A hound zombie (D:4)
  A hound skeleton (D:4)
  A howler monkey skeleton (D:4)
  14 adders
  3 gnolls (D:3)
  2 oozes
  4 worms
  3 dart slugs
  2 leopard geckos (D:2)
  19 orcs
  10 bats
  3 giant cockroaches
  4 goblins
  5 hobgoblins
  14 jackals
  6 quokkas
  2 ball pythons (D:3)
  8 frilled lizards
  A jackal skeleton (D:5)
  8 kobolds
  4 rats
171 creatures vanquished.

Vanquished Creatures (others)
  An orc wizard (D:6)
1 creature vanquished.

Grand Total: 172 creatures vanquished

Notes
Turn   | Place    | Note
-------+----------+-------------------------------------------
     0 | D:1      | Derp the Deep Dwarf Fighter began the quest for the Orb.
     0 | D:1      | Reached XP level 1. HP: 20/20 MP: 1/1
   236 | D:1      | Reached XP level 2. HP: 27/27 MP: 2/2
   691 | D:2      | Reached XP level 3. HP: 31/34 MP: 3/3
   966 | D:2      | Reached XP level 4. HP: 25/42 MP: 4/4
  1123 | D:2      | Reached skill level 3 in Long Blades
  1537 | D:3      | Reached XP level 5. HP: 27/49 MP: 4/4
  2173 | D:4      | Reached skill level 1 in Dodging
  2182 | D:4      | Reached skill level 4 in Long Blades
  2207 | D:4      | Reached XP level 6. HP: 40/56 MP: 5/5
  2217 | D:4      | Found a runed translucent door.
  2351 | D:4      | Reached XP level 7. HP: 38/63 MP: 6/6
  2436 | D:4      | Reached skill level 5 in Long Blades
  2436 | D:4      | Reached skill level 5 in Shields
  2536 | D:4      | Identified the ring of Ascent {*Corrode rPois rC+ Int+2
                  | Dex+4}
  2711 | D:4      | Noticed microfolk's ghost (amateur TeAE)
  2717 | D:5      | Entered Level 5 of the Dungeon
  2800 | D:5      | Noticed Edmund
  2848 | D:5      | Killed Edmund
  2848 | D:5      | Reached skill level 5 in Armour
  2895 | D:5      | Reached skill level 6 in Long Blades
  2895 | D:5      | Reached XP level 8. HP: 41/73 MP: 7/7
  3247 | D:5      | Noticed Menkaure
  3256 | D:5      | Killed Menkaure
  3286 | D:5      | Found Zuhoadiy's Food Shop.
  3357 | D:5      | Noticed Duvessa
  3371 | D:5      | Killed Duvessa
  3371 | D:5      | Reached skill level 7 in Long Blades
  3379 | D:5      | Noticed Dowan
  3387 | D:5      | Killed Dowan
  3387 | D:5      | Reached skill level 5 in Fighting
  3631 | D:6      | Gained mutation: You passively map the area around you.
                  | [Deep Dwarf growth]
  3631 | D:6      | Reached XP level 9. HP: 47/81 MP: 6/6
  3726 | D:6      | Got a pair of crude gloves
  3747 | D:6      | Identified the +1 pair of gloves of Lurozuhe {+Fly rPois
                  | Dex+2} (You found it on level 6 of the Dungeon)
  3797 | D:6      | Noticed Prince Ribbit
  3828 | D:6      | Reached skill level 8 in Long Blades
  3851 | D:6      | Found a staircase to the Ecumenical Temple.
  3870 | Temple   | Entered the Ecumenical Temple
  3956 | Temple   | Became a worshipper of Makhleb the Destroyer
  4040 | D:6      | Killed Prince Ribbit
  4658 | D:7      | Found Rael's Book Boutique.
  4963 | D:8      | Noticed a death yak
  4967 | D:8      | Found a staircase to the Lair.
  4969 | D:8      | Noticed a death yak
  4971 | D:8      | Noticed a death yak
  5044 | D:7      | Slain by a death yak

Skill      XL: |  1  2  3  4  5  6  7  8  9 |
---------------+----------------------------+-----
Fighting       | 3 4 5 |  5.7
Long Blades    | 3 4 6 7 8 |  8.8
Shields        | 4 5 6 7 |  7.5
Armour         | 4 5 6 |  6.2
Dodging        | 1 2 3 4 |  4.1
Stealth        | |  0.8

Action                   |  1- 3 |  4- 6 |  7- 9 || total
-------------------------+-------+-------+-------++-------
Melee: Long sword        |    97 |   238 |   573 ||   908
 Abil: Heal Wounds       |       |     5 |    23 ||    28
  Use: Potion            |       |     2 |       ||     2
       Scroll            |       |     1 |       ||     1
  Eat: Chunk             |       |     4 |     9 ||    13
       Ration            |       |       |     1 ||     1
Armor: Scale mail        |    59 |   133 |   150 ||   342
Dodge: Dodged            |    46 |    92 |   158 ||   296
Block: Shield            |    46 |   140 |   232 ||   418
       Large shield      |       |       |    51 ||    51
       Rpst.: Long sword |    14 |    28 |    59 ||   101
